 Dungeon Crawl Stone Soup version 0.30.0-19-g36f170ea60 (webtiles) character file.

Game seed: 6660996876769309193

394 Diggabert the Covered (level 6, -10/32 HPs)
             Began as a Vine Stalker Fighter on May 28, 2023.
             Mangled by a two-headed ogre
             ... wielding a +0 giant club
              (11 damage)
             ... on level 5 of the Dungeon.
             The game lasted 00:05:41 (3839 turns).

Diggabert the Covered (Vine Stalker Fighter)        Turns: 3839, Time: 00:05:42

Health: -10/32     AC: 10    Str: 21    XL:     6   Next: 82%
Magic:  0/7        EV:  8    Int:  8    God:
Gold:   209        SH:  5    Dex: 13    Spells: 5/5 levels left

rFire   . . .        e - +2 dagger (venom)
rCold   . . .        c - +0 buckler
rNeg    . . .        o - +0 chain mail
rPois   .            (no helmet)
rElec   .            (no cloak)
rCorr   .            v - +0 pair of gloves
SInv    .            (no boots)
Will    .....        (no amulet) Stlth
                     (no ring)
HPRegen 1.05/turn    (no ring)
MPRegen 0.10/turn

%: guardian spirit
@: no status effects
A: fangs 2, regeneration 1, magic shield, antimagic bite, no potion heal 2
a: no special abilities


You were on level 5 of the Dungeon.
You visited 2 branches of the dungeon, and saw 6 of its levels.

You collected 209 gold pieces.

Inventory:

Hand Weapons
 a - a +0 rapier
 e - a +2 dagger of venom (weapon)
 n - a +4 trident
 u - a +1 dagger of venom
Missiles
 b - 2 silver boomerangs (quivered)
 x - 5 poisoned darts
Armour
 c - a +0 buckler (worn)
 o - a +0 chain mail (worn)
 v - a +0 pair of gloves (worn)
Scrolls
 h - 2 scrolls of vulnerability {unknown}
 i - a scroll of silence {unknown}
 j - a scroll of enchant weapon {unknown}
 l - a scroll of torment
 m - a scroll of enchant armour
 p - 2 scrolls of teleportation
 q - a scroll of blinking {unknown}
 t - a scroll of immolation {unknown}
 w - a scroll of fog {unknown}
Potions
 d - 2 potions of might
 f - 2 potions of curing
 g - 4 potions of flight
 k - a potion of magic
 r - 2 potions of degeneration {unknown}
 s - a potion of mutation
 z - a potion of brilliance {unknown}


   Skills:
 * Level 3.5 Fighting
 * Level 3.6 Short Blades
 * Level 3.9 Armour
 * Level 1.5 Dodging
 * Level 3.5 Shields


You had 5 spell levels left.
You didn't know any spells.
Your spell library contained the following spells:

 Spells                   Type           Power      Damage    Failure   Level
 Freeze                   Ice            0%         1d3       98%         1
 Frozen Ramparts          Ice            0%         1d1       100%        3
 Hailstorm                Conj/Ice       0%         3d3       100%        3
 Manifold Assault         Tloc           0%         N/A       100%        4
 Dispersal                Tloc           0%         N/A       100%        6
 Disjunction              Tloc           0%         N/A       100%        8


Dungeon Overview and Level Annotations

Branches:
Dungeon (5/15)             Temple (1/1) D:4

Altars:
Ashenzari
Cheibriados
Dithmenos
Elyvilon
Fedhas
Makhleb
Okawaru
Qazlal
Vehumet
Wu Jian
Xom
Yredelemnul
The Shining One

Shops:
D:3 (   D:5 ==


Innate Abilities, Weirdness & Mutations

You have extremely sharp teeth.
Your natural rate of healing is unusually fast.
When hurt, damage is shared between your health and your magic reserves.
Your bite disrupts and absorbs the magic of your enemies.
Potions cannot restore your health.


Message History

You hit the white imp. You bite the white imp.
The white imp's magic leaks into the air.
You drain its magic.
The white imp is heavily wounded.
You hit the white imp.
The white imp is poisoned.
Your bite misses the white imp.
The white imp is severely wounded.
The white imp falters for a moment.
You closely miss the white imp. Your bite misses the white imp.
The white imp is almost dead.
You kill the white imp!
No target in view!
No target in view!
You see here a +0 chain mail.
Found 6 stones.
You now have 194 gold pieces (gained 13).
z - a pink potion
Found Dulunaci's Jewellery Boutique.
You now have 209 gold pieces (gained 15).
A two-headed ogre comes into view.
It is wielding a +0 giant club and a +0 dire flail.
Found 12 gold pieces.
The two-headed ogre shouts in stereo!
The two-headed ogre hits you with a +0 giant club.
The two-headed ogre hits you with a +0 dire flail!
You hit the two-headed ogre.
The two-headed ogre is poisoned.
You bite the two-headed ogre. You drain its power.
You feel invigorated.
The two-headed ogre is lightly wounded.
The two-headed ogre hits you with a +0 giant club.
The two-headed ogre hits you with a +0 dire flail.
You hit the two-headed ogre.
The two-headed ogre is lightly wounded.
You hit the two-headed ogre but do no damage.
The two-headed ogre looks as sick as possible!
Your bite misses the two-headed ogre.
The two-headed ogre is lightly wounded.
The two-headed ogre hits you with a +0 giant club!!
Ouch! That really hurt!
* * * LOW HITPOINT WARNING * * *
The two-headed ogre hits you with a +0 dire flail!
You die...

#.##.###. .. # #.......
#. .#.##.###[ #.
####.###.# #. ##.
.........# #. ..
####.###.# #.
######.######.......# ##
.......O......#.#####
####..@#####.#.#
.......$........########
##.........##..(........
...........#############
##.........# #
.$.......### #
#####.∩... # #...## #
##.# #


You could see a two-headed ogre (extremely poisoned).

Vanquished Creatures
  A centaur (D:5)
  A scorpion (D:4)
  A jelly (D:5)
  An orc wizard (D:3)
  A statue (D:3)
  4 gnolls (D:5)
  6 adders
  A white imp (D:5)
  3 worms
  A dart slug (D:1)
  10 orcs
  5 ball pythons
  5 bats
  5 endoplasms
  4 giant cockroaches
  A goblin (D:2)
  8 hobgoblins
  A quokka (D:3)
  6 kobolds
  2 rats
67 creatures vanquished.

Notes
Turn   | Place    | Note
-------+----------+-------------------------------------------
     0 | D:1      | Diggabert the Vine Stalker Fighter began the quest for the
                  | Orb.
     0 | D:1      | Reached XP level 1. HP: 11/11 MP: 2/2
   254 | D:1      | Reached XP level 2. HP: 16/16 MP: 3/3
   765 | D:2      | Reached XP level 3. HP: 19/20 MP: 2/4
  1976 | D:3      | Gained mutation: Your natural rate of healing is unusually
                  | fast. [Vine Stalker growth]
  1976 | D:3      | Reached XP level 4. HP: 24/24 MP: 5/5
  2174 | D:3      | Found a white marble altar of Elyvilon.
  2180 | D:3      | Reached XP level 5. HP: 25/28 MP: 4/6
  2247 | D:3      | Found Wukhlyge's Antique Weapon Emporium.
  2394 | D:3      | Found a shadowy altar of Dithmenos.
  2420 | D:3      | Reached skill level 1 in Dodging
  2435 | D:3      | Found a radiant altar of Vehumet.
  2435 | D:3      | Noticed a frost-covered statue
  2455 | D:3      | Killed a frost-covered statue
  2541 | D:3      | Found a broken altar of Ashenzari.
  2541 | D:3      | Found a basalt altar of Yredelemnul.
  3135 | D:4      | Found an ornate altar of the Wu Jian Council.
  3292 | D:4      | Reached XP level 6. HP: 32/32 MP: 7/7
  3424 | D:4      | Found a staircase to the Ecumenical Temple.
  3433 | Temple   | Entered the Ecumenical Temple
  3585 | D:5      | Entered Level 5 of the Dungeon
  3646 | D:5      | Found Fokets's Jewellery Shop.
  3830 | D:5      | Found Dulunaci's Jewellery Boutique.
  3835 | D:5      | Noticed a two-headed ogre
  3839 | D:5      | HP: 1/32 [two-headed ogre/+0 giant club (18)]
  3839 | D:5      | Mangled by a two-headed ogre

Illustrated notes

Levels and vault maps discovered:
D:1:      dpeg_arrival_ternary, layout_basic, minmay_shallow_snake_nest
D:2:      layout_basic
D:3:      layout_basic, grunt_dithmenos_smoke_and_mirrors, elyvilon_altar_5,
          vehumet_statue, nicolae_overflow_two_pavilions, serial_shops, shop
D:4:      layout_loops_ring, nicolae_wu_jian_immortal_techniques,
          lemuel_temple_firewalk_b
D:5:      layout_loops_ring, serial_shops, nicolae_shop_bloodbath_and_beyond,
          shop, shop, shop, shop, grunt_decor_mini_mirrors
Temple:   hellmonk_temple_two_chambers

Skill      XL: |  1  2  3  4  5 |
---------------+----------------+-----
Fighting       | 3 |  3.5
Shields        | 3 |  3.5
Short Blades   | 2 3 |  3.6
Armour         | 3 |  3.9
Dodging        | 1 |  1.5

Action                     |  1- 3 |  4- 6 || total
---------------------------+-------+-------++-------
  Melee: Dagger            |    66 |   132 ||   198
         Bite              |    26 |    47 ||    73
         Rapier            |     3 |       ||     3
    Use: Scroll            |     3 |     4 ||     7
 Armour: Scale mail        |    26 |     6 ||    32
         Chain mail        |       |    35 ||    35
  Dodge: Dodged            |    30 |    38 ||    68
  Block: Buckler           |    15 |    24 ||    39
